Cogmind - Beta 12 *** ADVENTURER MODE // 2023.12.08 @ 18:25:16 // Winter2019/RPGLIKE Player: PersmaticCoreSerial_K4E2 Result: Destroyed by H-77 Assassin with Coil Gun Performance ------------- Evolutions (6) 3000 Regions Visited (13) 2600 Robots Destroyed (482) 2410 Value Destroyed (25262) 25262 Prototype IDs (40) 800 Alien Tech Used (0) 0 Bonus (17158) 17158 TOTAL SCORE: 51230 Bonus ------- Triggered High Security 1000 High Alert Combat Kills 13906 Follower Combat Kills 3751 Entered Garrisons 600 Used RIF Installer 1500 Entered DSFs 500 Friendly Fire -4099 Cogmind --------- Core Integrity 0/1000 Matter 390/400 Energy 165/730 System Corruption 12% Temperature Cool (0) Movement Rolling (115) Ox1 Location -4/Extension Parts ------- > --- POWER (4) -------- Reinforced Fission Core Light Antimatter Reactor > --- PROPULSION (4) --- Armored Huge Wheel Armored Huge Wheel > --- UTILITY (11) ----- Advanced Heat Sink Advanced Heat Sink Energy Well Advanced Targeting Computer Advanced Target Analyzer Improved Phase Shifter Improved Medium Armor Plating Centrium Light Armor Plating Advanced Force Field Relay Coupler [Sentry] (1) > --- WEAPON (4) ------- Matter Neutralizer Matter Neutralizer Matter Neutralizer Nova Cannon > --- INVENTORY (7) ---- Protomatter-41 Energy Well (0) Improved Remote Force Field Advanced System Restoration Module Improved Remote Datajack Peak State ------------ > --- POWER ------------ Light Antimatter Reactor Particle Reactor Light Particle Reactor > --- PROPULSION ------- Centrium Heavy Treads Centrium Heavy Treads > --- UTILITY ---------- Cryofiber Web Experimental Cooling System Energy Well Advanced Targeting Computer Improved Phase Shifter Centrium Light Armor Plating Centrium Light Armor Plating Improved System Shield Relay Coupler [Grunt] Relay Coupler [Brawler] > --- WEAPON ----------- Centrium Greatsword Centrium Greatsword > --- INVENTORY -------- Protomatter Thermal Barrier Relay Coupler [Grunt] Relay Coupler [Proto] Relay Coupler [Proto] Advanced System Restoration Module Improved Remote Datajack [Rating: 150] Favorites ----------- Power Light Antimatter Reactor Engine F-cell Engine Power Core Light Fission Core Reactor Light Antimatter Reactor Propulsion Armored Huge Wheel Treads Centrium Heavy Treads Wheel Armored Huge Wheel Utility Advanced Targeting Computer Device Cryofiber Web Storage Energy Well Processor Advanced Targeting Computer Hackware Improved System Shield Protection Centrium Light Armor Plating Weapon Heavy Plasma Cannon Energy Gun Particle Gun Energy Cannon Heavy Plasma Cannon Ballistic Gun Autogun Ballistic Cannon Linear Accelerator Launcher Scatter Rocket Array Special Weapon Remote Datajack Slashing Weapon Centrium Greatsword Special Melee Weapon Improved Datajack Build | -11 -10 -9 -8 -7 -7 -6 -6 -6 -6 -5 -5 -4 -4 ------- Run | Jun Mat Mat Mat Fac DSF Fac Gar Fac Gar Fac Gar Fac Ext Slots Evolved 19 | 5 . 3 3 2 1 1 . . 1 . 2 1 . Power 3 | . . 1 . . . . . . 1 . 1 . . Propulsion 3 | 1 . . 1 1 . . . . . . . . . Utility 10 | 3 . 2 1 1 1 1 . . . . . 1 . Weapon 3 | 1 . . 1 . . . . . . . 1 . . Parts Attached 295 | 8 8 23 13 1 8 30 15 46 46 2 45 15 35 Power 31 | 1 . 4 . . . 3 . 2 7 . 3 3 8 Engine 7 | 1 . 4 . . . 1 . 1 . . . . . Core 3 | . . . . . . 1 . . 1 . . . 1 Reactor 21 | . . . . . . 1 . 1 6 . 3 3 7 Propulsion 15 | 3 . 1 1 . . 3 1 2 . . 4 . . Treads 2 | . . . . . . . . . . . 2 . . Leg . | . . . . . . . . . . . . . . Wheel 13 | 3 . 1 1 . . 3 1 2 . . 2 . . Hover . | . . . . . . . . . . . . . . Flight . | . . . . . . . . . . . . . . Utility 144 | 2 5 15 9 1 5 15 8 20 21 . 23 9 11 Device 85 | 2 2 7 6 1 4 9 5 12 14 . 10 6 7 Storage 11 | . 1 1 1 . . . . . 3 . 3 2 . Processor 9 | . 1 1 1 . . 1 1 2 1 . 1 . . Hackware 16 | . . . . . . 3 . 4 1 . 8 . . Protection 23 | . 1 6 1 . 1 2 2 2 2 . 1 1 4 Artifact . | . . . . . . . . . . . . . . Weapon 105 | 2 3 3 3 . 3 9 6 22 18 2 15 3 16 Energy Gun 9 | 2 2 1 1 . . . . 2 . . 1 . . Energy Cannon 35 | . . 2 1 . 2 1 1 4 6 1 6 1 10 Ballistic Gun 1 | . . . . . . . . . 1 . . . . Ballistic Cannon 3 | . . . . . . . . . 3 . . . . Launcher 19 | . 1 . . . . 5 2 8 2 . 1 . . Special Weapon 32 | . . . . . . 2 3 8 6 1 4 2 6 Impact Weapon . | . . . . . . . . . . . . . . Slashing Weapon 3 | . . . . . . . . . . . 3 . . Piercing Weapon . | . . . . . . . . . . . . . . Special Melee Weapon 3 | . . . 1 . 1 1 . . . . . . . Unidentified Prototypes 21 | . . 2 1 . . 2 . 6 2 . 7 1 . Corrupted Parts 1 | . . . . . . . . . 1 . . . . System Corruption 3 | . . . . . . . . . 3 . . . . Parts Lost 7 | . . 1 . . . 1 2 1 . . . 1 1 Power 1 | . . . . . . . . 1 . . . . . Propulsion . | . . . . . . . . . . . . . . Utility 6 | . . 1 . . . 1 2 . . . . 1 1 Weapon . | . . . . . . . . . . . . . . Highest Loss Streak 1 | . . 1 . . . 1 1 1 . . . 1 1 To Critical Strikes . | . . . . . . . . . . . . . . Average Slot Usage (%) 88 | . 98 99 94 87 85 88 81 84 83 90 88 90 89 Engine 4 | . 11 13 13 11 11 7 5 2 1 . . . . Reactor 7 | . . . . . . . 5 7 10 15 14 17 15 Wheel 11 | . 22 17 17 17 16 15 6 9 10 10 8 8 8 Device 20 | . 24 23 17 20 23 24 30 22 18 15 10 12 15 Storage 2 | . . . 6 5 5 . . . 2 10 5 6 7 Processor 7 | . 10 10 9 5 5 5 5 5 8 10 6 8 8 Hackware 8 | . . . . . . 8 5 14 10 5 15 10 4 Protection 6 | . 7 13 10 5 5 4 6 5 5 10 6 5 9 Energy Gun 1 | . 15 11 . . . . . . . . . . . Energy Cannon 10 | . . 6 13 11 11 10 10 9 8 15 13 13 16 Launcher 1 | . 6 . . . . 3 4 1 2 . . . . Special Weapon 1 | . . . . . . . . 3 . . 3 3 . Naked Turns . | . . . . . . . . . . . . . . Heaviest Build 157 | 10 16 39 51 52 61 76 76 82 119 110 129 143 157 Greatest Support 170 | 26 25 25 40 40 40 66 50 66 66 66 170 66 66 Greatest Overweight (x) 2 | . . 1 1 1 1 2 1 2 1 1 1 2 2 Average Overweight (x) . | . . . . 1 1 . 1 . . 1 . 1 1 Largest Inventory Capacity 7 | . 2 3 4 4 4 6 7 7 7 7 7 7 7 Average Capacity 5 | . . 2 3 4 4 4 6 7 7 7 7 7 7 Most Carried 7 | . 2 3 4 4 4 6 7 7 7 7 7 7 7 Average Carried 5 | . . 2 3 3 3 4 5 6 6 6 6 6 5 Final Capacity 7 | . 2 3 4 4 4 6 7 7 7 7 7 7 7 Final Carried 7 | . 2 3 3 3 4 5 7 7 7 7 7 6 5 Class Distribution -------------------- 40% | Hacker-Mutant 14% | Mutant 6% | Commander-Gunner 6% | Scavenger-Tank 5% | Hacker-Gunner 4% | Bothacker-Gunner 4% | Scavenger-Mutant 3% | Hacker-Tank 3% | Commander-Mutant Dominant Class ---------------- Mutant | -10/Materials Mutant | -9/Materials Mutant | -8/Materials Mutant | -7/Factory Scavenger-Mutant | -7/DSF Hacker-Mutant | -6/Factory Hacker-Mutant | -6/Garrison Hacker-Mutant | -6/Factory Hacker-Mutant | -6/Garrison Hacker-Tank | -5/Factory Bothacker-Gunner | -5/Garrison Commander-Gunner | -4/Factory Scavenger-Tank | -4/Extension Resources | -11 -10 -9 -8 -7 -7 -6 -6 -6 -6 -5 -5 -4 -4 ----------- Run | Jun Mat Mat Mat Fac DSF Fac Gar Fac Gar Fac Gar Fac Ext Matter Collected 7179 | 280 307 225 140 10 80 1066 834 838 1467 37 902 433 560 Remotely . | . . . . . . . . . . . . . . Salvage Created 19971 | 73 284 790 1193 32 268 3298 1629 2034 1904 . 2029 2127 4310 Parts 839 | 13 26 70 92 4 20 143 69 76 64 . 62 81 119 Haulers Intercepted 2 | . . 1 . . . . . . . . 1 . . Recyclers Shooed 2 | . . . . . . 1 . 1 . . . . . Parts Field Recycled . | . . . . . . . . . . . . . . Retrieved Matter . | . . . . . . . . . . . . . . Parts Self-Destructed . | . . . . . . . . . . . . . . Prevented . | . . . . . . . . . . . . . . Kills | -11 -10 -9 -8 -7 -7 -6 -6 -6 -6 -5 -5 -4 -4 ------- Run | Jun Mat Mat Mat Fac DSF Fac Gar Fac Gar Fac Gar Fac Ext Combat Hostiles Destroyed 408 | . 10 24 28 . 11 74 46 32 45 . 29 32 77 Melee 1 | . . . . . . . . . 1 . . . . Guns 22 | . 5 17 . . . . . . . . . . . Cannons 268 | . . 3 26 . 11 41 28 18 30 . 26 26 59 AOE 62 | . 5 3 . . . 22 13 10 9 . . . . Classes Destroyed 24 | 1 3 5 5 . 2 2 1 1 2 . 1 1 . Worker 14 | . . . 3 . . 10 . . . . . . 1 Builder 6 | . . . . . . 2 . 1 . . . 2 1 Tunneler 4 | 4 . . . . . . . . . . . . . Hauler 2 | . . 1 . . . . . . . . 1 . . Recycler 8 | . . 2 . . . 1 . 2 . . . 2 1 Carrier 3 | . . . . . . . . . . . 1 1 1 Mechanic 7 | . . 1 . . . 3 . 1 . . . . 2 Operator 5 | . . . 2 . . 1 . 2 . . . . . Watcher 20 | . 3 3 5 1 . 3 . 3 . . . 1 1 Swarmer 77 | . 3 4 7 . 6 20 20 3 4 . 4 1 5 Cutter 2 | . . . . . . . . . 1 . 1 . . Saboteur 15 | . . . . . . . 3 . 3 . 3 1 5 Grunt 151 | . 7 14 7 . 2 31 2 22 24 . 10 11 21 Brawler 20 | . . 1 2 . . 1 3 2 . . . 4 7 Duelist 18 | . . . 2 . . 2 1 . . . . 4 9 Protector 6 | . . . 1 . . 1 . 2 . . . . 2 Sentry 42 | . . 5 8 . . 7 13 3 4 . 2 . . Demolisher 3 | . . . . . . . . . . . . 3 . Specialist 8 | . . . . . 2 . . . 2 . 3 1 . Hunter 29 | . . . 1 . . 6 2 . 4 . 6 . 10 Programmer 36 | . . . . . . 6 3 2 . . 1 8 16 Heavy 1 | . . . . . 1 . . . . . . . . Behemoth 8 | . . . . . . . . 1 1 . 4 . 2 Striker 3 | . . . . . . . . . 2 . 1 . . Thug 1 | . . . . . . . . . . . . . 1 Butcher 1 | . . . . . . . . . . . . . 1 Best Kill Streak 14 | 4 3 7 11 1 3 9 7 8 7 . 6 9 14 Combat Bots Only 14 | . 3 3 4 . 3 5 7 8 7 . 6 9 14 Max Kills in Single Turn 7 | 1 2 7 2 1 1 5 3 5 3 . 4 2 2 Gunslinging 1 | . . 1 . . . . . . . . . . . Exploded 4 | . 2 3 . . . 4 3 3 3 . . . . Melee 1 | . . . . . . . . . 1 . . . . Uniques/NPCs Destroyed . | . . . . . . . . . . . . . . Combat | -11 -10 -9 -8 -7 -7 -6 -6 -6 -6 -5 -5 -4 -4 -------- Run | Jun Mat Mat Mat Fac DSF Fac Gar Fac Gar Fac Gar Fac Ext Damage Taken 16348 | . 435 335 527 . 633 2679 1771 1245 1793 8 1341 1393 4188 Core 10716 | . 327 241 329 . 422 1656 1121 766 1101 8 966 980 2799 Absorbed by Shields 5527 | . . . 62 . . . 9 50 361 8 369 1141 3527 Redirected to Core 9317 | . 178 192 320 . 352 1467 980 684 966 . 848 890 2440 Redirected to Shielding 36 | . . . . . . . . . . . . . 36 Core Remaining (%) 96 | 100 74 100 100 . 99 . . . 100 . 99 . . Volleys Fired 1061 | 4 36 46 78 1 28 143 113 89 127 4 151 88 153 Largest 4 | 2 2 2 2 2 2 3 3 3 3 3 3 4 4 Hottest 428 | 90 90 130 120 120 180 230 230 223 293 293 323 428 428 Shots Fired 2384 | 8 55 91 156 2 56 293 225 146 262 6 321 242 521 Gun 139 | 8 48 83 . . . . . . . . . . . Cannon 2015 | . . 8 156 2 56 275 198 104 231 3 256 221 505 Launcher 55 | . 7 . . . . 14 11 8 15 . . . . Special 175 | . . . . . . 4 16 34 16 3 65 21 16 Kinetic 79 | . . . . . . . . . 79 . . . . Thermal 2075 | 8 48 91 156 2 56 275 198 104 152 3 256 221 505 Explosive 55 | . 7 . . . . 14 11 8 15 . . . . Electromagnetic . | . . . . . . . . . . . . . . Robot Hit Streak 107 | 5 14 24 25 1 34 68 35 62 107 9 50 49 59 Robot Miss Streak 6 | 1 6 2 1 1 1 3 3 2 2 1 1 2 2 Penetration Max . | . . . . . . . . . . . . . . Secondary Targets 1 | . . 1 . . . . . . . . . . . Max Gunslinging Chain 1 | . . 1 . . . . . . . . . . . Shots Hit Robots 1674 | 5 32 73 123 1 52 211 154 122 170 2 218 155 356 Core Hits 853 | 4 20 34 47 1 15 196 109 77 88 1 57 65 139 Critical Kills 49 | . . . 1 . . 10 3 2 5 . 4 8 16 Critical Parts Destroyed . | . . . . . . . . . . . . . . Critical Strikes 62 | . 1 6 1 . . 10 3 2 11 . 4 8 16 Burn 7 | . 1 6 . . . . . . . . . . . Meltdown 49 | . . . 1 . . 10 3 2 5 . 4 8 16 Blast 6 | . . . . . . . . . 6 . . . . Melee Attacks 4 | . . . 2 . 2 . . . . . . . . Impact . | . . . . . . . . . . . . . . Slashing . | . . . . . . . . . . . . . . Piercing . | . . . . . . . . . . . . . . Sneak Attacks 4 | . . . 2 . 2 . . . . . . . . Combat Hostiles 2 | . . . . . 2 . . . . . . . . Follow-up Attacks . | . . . . . . . . . . . . . . Damage Inflicted 69540 | 58 813 1854 2810 24 1298 12743 7581 6569 7830 65 6579 6201 15115 Guns 1551 | 58 397 1096 . . . . . . . . . . . Cannons 53580 | . . 112 2810 24 1298 7892 5403 3599 5617 65 5960 5685 15115 Explosions 14394 | . 416 646 . . . 4836 2178 2970 2213 . 619 516 . Melee . | . . . . . . . . . . . . . . Ramming 15 | . . . . . . 15 . . . . . . . Kinetic 2028 | . . . . . . . . . 2028 . . . . Thermal 55412 | 58 397 1854 2810 24 1298 8107 5403 4576 3589 65 5960 6156 15115 Explosive 11867 | . 416 . . . . 4621 2178 1820 2213 . 619 . . Electromagnetic 218 | . . . . . . . . 173 . . . 45 . Impact . | . . . . . . . . . . . . . . Slashing . | . . . . . . . . . . . . . . Piercing . | . . . . . . . . . . . . . . Highest Corruption 12 | . 2 . . . . 5 5 6 3 . . 3 12 Average Corruption 3 | . 1 . . . . 2 5 4 2 . . 1 5 Corruption Purged 21 | . . . . . . . . 6 5 . . 4 6 Corruption Blocked . | . . . . . . . . . . . . . . Effects 110 | . 1 . . . . 22 48 21 3 . . 2 13 Message Errors 30 | . . . . . . 2 13 7 1 . . 1 6 Matter Fused 34 | . 1 . . . . 6 13 8 1 . . 1 4 Heat Flow Errors 8 | . . . . . . 4 3 1 . . . . . Energy Discharges 8 | . . . . . . 1 5 1 . . . . 1 Parts Rejected 2 | . . . . . . 1 . 1 . . . . . Parts Fused 2 | . . . . . . . 2 . . . . . . Data Loss (minor) 9 | . . . . . . 3 4 . 1 . . . 1 Data Loss (major) 7 | . . . . . . 3 4 . . . . . . Misfires 7 | . . . . . . 1 4 2 . . . . . Alerts 2 | . . . . . . 1 . 1 . . . . . Weapon Failures 1 | . . . . . . . . . . . . . 1 Overload Shots . | . . . . . . . . . . . . . . Overflow Damage 2191 | . 5 76 43 . 6 389 195 349 172 . 264 166 526 Projectiles 1657 | . . . 43 . 6 296 167 131 93 . 229 166 526 Explosions 534 | . 5 76 . . . 93 28 218 79 . 35 . . Melee . | . . . . . . . . . . . . . . Knockbacks 14 | . . . . . . . . . 14 . . . . Impact . | . . . . . . . . . . . . . . Kinetic 13 | . . . . . . . . . 13 . . . . Secondary 1 | . . . . . . . . . 1 . . . . Self-Inflicted Damage 1593 | . 81 44 . . . 322 711 195 60 . 91 89 . Shots 81 | . 2 1 . . . 15 50 5 5 . 1 2 . Rammed 3 | . . . . . . 3 . . . . . . . Targets Rammed 3 | . . . . . . 3 . . . . . . . Kicked . | . . . . . . . . . . . . . . Crushed . | . . . . . . . . . . . . . . Highest Temperature 586 | 24 174 46 392 52 180 144 122 98 322 29 491 586 572 Average Temperature 124 | 11 47 15 103 32 48 50 47 40 117 29 129 196 164 Received Heat Transfer 3152 | . 189 147 345 . 27 715 252 323 294 . 236 226 398 Effects 33 | . . . . . . . . . 2 . 1 5 25 Shutdowns 13 | . . . . . . . . . . . . . 13 Energy Bleed 8 | . . . . . . . . . . . 1 2 5 Interference 5 | . . . . . . . . . 2 . . . 3 Matter Decay 3 | . . . . . . . . . . . . 2 1 Short Circuit 3 | . . . . . . . . . . . . . 3 Damage (major) 1 | . . . . . . . . . . . . 1 . Siege Activations . | . . . . . . . . . . . . . . Robots Corrupted 1 | . . . . . . . . 1 . . . . . Combat Hostiles 1 | . . . . . . . . 1 . . . . . Parts Fried 2 | . . . . . . . . 2 . . . . . Impact Corruptions . | . . . . . . . . . . . . . . Robots Melted 61 | . . 1 2 . . 13 6 3 5 . 5 8 18 Combat Hostiles 54 | . . 1 2 . . 11 5 3 5 . 3 6 18 Parts Melted 187 | . 3 8 16 . 3 33 21 15 9 . 18 23 38 Heat Transferred 63371 | 161 1187 3719 4288 37 2071 10300 7000 5175 4208 100 7181 4970 12974 Parts Sabotaged 15 | . . . . . . . . . 5 . . . 10 Parts Stolen . | . . . . . . . . . . . . . . Parts Stripped . | . . . . . . . . . . . . . . Power Chain Reactions . | . . . . . . . . . . . . . . Missiles Intercepted . | . . . . . . . . . . . . . . Alert | -11 -10 -9 -8 -7 -7 -6 -6 -6 -6 -5 -5 -4 -4 ------- Run | Jun Mat Mat Mat Fac DSF Fac Gar Fac Gar Fac Gar Fac Ext Peak Influence 3493 | 20 250 464 550 186 364 1293 2720 1464 2841 1292 2793 3041 3493 Initial 1292 | . 11 . 75 164 114 165 763 1237 899 1292 650 1270 1284 Average 1283 | 6 48 302 265 181 244 542 1878 1227 2054 1184 1875 2005 2042 Maximum Alert Level 5 | . 1 2 2 . 1 4 5 4 5 4 5 5 5 Low Security (%) 12 | 100 97 12 34 100 26 25 . . . . . . . Level 1 13 | . 2 73 42 . 73 25 . . . . . . . Level 2 4 | . . 14 23 . . 13 . . . . . . . Level 3 8 | . . . . . . 17 13 4 10 44 11 . . Level 4 24 | . . . . . . 17 20 95 4 55 18 29 42 Level 5 29 | . . . . . . . 65 . 85 . 68 34 . High Security 6 | . . . . . . . . . . . . 35 57 Max Security . | . . . . . . . . . . . . . . Sterilizations 1 | . . . . . 1 . . . . . . . . Squads Dispatched 95 | . 1 3 2 . 1 26 . 15 . . . 21 26 Investigation 21 | . 1 2 1 . . 11 . 3 . . . 1 2 Extermination 8 | . . . . . . 5 . 2 . . . 1 . Reinforcement 7 | . . 1 . . 1 1 . 3 . . . 1 . Assault 53 | . . . 1 . . 5 . 5 . . . 18 24 Garrison 6 | . . . . . . 4 . 2 . . . . . Intercept . | . . . . . . . . . . . . . . Searches Triggered . | . . . . . . . . . . . . . . Construction Impeded 3 | . . . . . . 1 . 2 . . . . . Haulers Reinforced . | . . . . . . . . . . . . . . Active Scanning Responses . | . . . . . . . . . . . . . . Cargo Convoy Interrupts . | . . . . . . . . . . . . . . Stealth | -11 -10 -9 -8 -7 -7 -6 -6 -6 -6 -5 -5 -4 -4 --------- Run | Jun Mat Mat Mat Fac DSF Fac Gar Fac Gar Fac Gar Fac Ext Distress Signals 10 | . . . 2 . . 2 . . . . . 3 3 Communications Jammed . | . . . . . . . . . . . . . . Distress Signals . | . . . . . . . . . . . . . . Times Spotted 701 | . 12 31 34 1 9 92 54 68 65 1 58 97 179 Peak Tracking Total 28 | . 3 6 5 1 3 6 7 9 12 1 7 16 28 Tactical Retreats 19 | . . . 2 . . . 2 . . . 1 . 14 Traps | -11 -10 -9 -8 -7 -7 -6 -6 -6 -6 -5 -5 -4 -4 ------- Run | Jun Mat Mat Mat Fac DSF Fac Gar Fac Gar Fac Gar Fac Ext Traps Triggered 42 | . 5 2 1 . 2 3 13 6 2 . 7 . 1 Indirectly 1 | . . . . . . . . 1 . . . . . Trap Hack Attempts . | . . . . . . . . . . . . . . Triggered . | . . . . . . . . . . . . . . Disarmed . | . . . . . . . . . . . . . . Reprogrammed 1 | . . . 1 . . . . . . . . . . Reused . | . . . . . . . . . . . . . . Traps Extracted . | . . . . . . . . . . . . . . Installed . | . . . . . . . . . . . . . . Triggered . | . . . . . . . . . . . . . . Machines | -11 -10 -9 -8 -7 -7 -6 -6 -6 -6 -5 -5 -4 -4 ---------- Run | Jun Mat Mat Mat Fac DSF Fac Gar Fac Gar Fac Gar Fac Ext Machines Disabled 82 | . 5 3 2 . . 15 10 9 12 . 9 12 5 Max in Single Turn 6 | . 3 3 1 . . 5 2 6 1 . 2 1 1 Garrison Access 3 | . . . 1 . . 2 . . . . . . . Garrison Relay 16 | . . . . . . . 6 . 3 . 7 . . Phase Generator 2 | . . . . . . . 1 . . . 1 . . Machines Repaired . | . . . . . . . . . . . . . . Machines Sabotaged . | . . . . . . . . . . . . . . Overloaded Fab Kills . | . . . . . . . . . . . . . . Hacking | -11 -10 -9 -8 -7 -7 -6 -6 -6 -6 -5 -5 -4 -4 --------- Run | Jun Mat Mat Mat Fac DSF Fac Gar Fac Gar Fac Gar Fac Ext Machines Accessed 83 | . 7 5 9 1 . 28 1 13 3 3 3 6 4 Terminals 68 | . 6 5 8 1 . 19 1 10 3 2 3 6 4 Fabricators 7 | . . . . . . 5 . 2 . . . . . Repair Stations . | . . . . . . . . . . . . . . Recycling Units 2 | . 1 . . . . 1 . . . . . . . Scanalyzers . | . . . . . . . . . . . . . . Garrison Access 6 | . . . 1 . . 3 . 1 . 1 . . . Total Hacks 251 | . 25 17 34 2 . 87 3 46 5 8 3 13 8 Successful 143 | . 18 7 20 1 . 51 . 24 3 6 3 6 4 Failed 107 | . 7 10 13 1 . 36 3 22 2 2 . 7 4 Catastrophic 14 | . . 1 3 . . 6 . 3 . . . 1 . Database Lockouts 1 | . . . 1 . . . . . . . . . . Manual 180 | . 18 12 34 . . 66 . 29 . 6 . 12 3 Terminals 210 | . 24 17 32 2 . 61 3 36 5 6 3 13 8 Fabricators 21 | . . . . . . 15 . 6 . . . . . Repair Stations . | . . . . . . . . . . . . . . Recycling Units 2 | . 1 . . . . 1 . . . . . . . Scanalyzers . | . . . . . . . . . . . . . . Garrison Access 18 | . . . 2 . . 10 . 4 . 2 . . . Terminal Hacks 66 | . 11 2 11 1 . 19 . 8 3 4 3 1 3 Record 4 | . 4 . . . . . . . . . . . . Part Schematic 6 | . . . . . . 6 . . . . . . . Robot Schematic 1 | . . . . . . 1 . . . . . . . Prototype ID Bank 9 | . 2 . 2 . . 3 . 2 . . . . . Open Door 3 | . . . . . . . . . . . 1 . 2 Open DSF 8 | . . . . 1 . 3 . 2 . 1 . 1 . Level Access Points 1 | . . . 1 . . . . . . . . . . Emergency Access Points 1 | . . . . . . . . . . . 1 . . Terminal Index 4 | . . . . . . 1 . 1 . 1 . . 1 Fabricator Index 2 | . . . . . . 1 . 1 . . . . . Alert Level 2 | . . . 1 . . 1 . . . . . . . Unreport Threat 12 | . 2 . 3 . . 3 . 2 . 2 . . . Reprogram Traps 1 | . . . 1 . . . . . . . . . . Patrol Status 1 | . 1 . . . . . . . . . . . . Zone Layout 7 | . 2 2 3 . . . . . . . . . . Garrison Registry 2 | . . . . . . . . . 1 . 1 . . Patrol Navigation 1 | . . . . . . . . . 1 . . . . Security Stations 1 | . . . . . . . . . 1 . . . . Fabricator Hacks 17 | . . . . . . 12 . 5 . . . . . Network Status 2 | . . . . . . 1 . 1 . . . . . Load Schematic 7 | . . . . . . 5 . 2 . . . . . Build 8 | . . . . . . 6 . 2 . . . . . Repair Station Hacks . | . . . . . . . . . . . . . . Recycling Unit Hacks 2 | . 1 . . . . 1 . . . . . . . Report Inventory 1 | . 1 . . . . . . . . . . . . Retrieve Components 1 | . . . . . . 1 . . . . . . . Scanalyzer . | . . . . . . . . . . . . . . Garrison Access Hacks 5 | . . . . . . 2 . 2 . 1 . . . Unlock Access 3 | . . . . . . 1 . 1 . 1 . . . Coupler Status 2 | . . . . . . 1 . 1 . . . . . Unauthorized Hacks 53 | . 6 5 9 . . 17 . 9 . 1 . 5 1 Terminals 48 | . 6 5 8 . . 14 . 8 . 1 . 5 1 Botnet 48 | . 6 5 8 . . 14 . 8 . 1 . 5 1 Fabricators . | . . . . . . . . . . . . . . Repair Stations . | . . . . . . . . . . . . . . Recycling Units . | . . . . . . . . . . . . . . Scanalyzers . | . . . . . . . . . . . . . . Garrison Access 5 | . . . 1 . . 3 . 1 . . . . . Reprogram 5 | . . . 1 . . 3 . 1 . . . . . Data Cores Recovered 4 | . . . . . . 1 . 2 . . . 1 . Used 3 | . . . . . . 1 . 1 . . . 1 . Hacking Detections 73 | . 6 5 8 1 . 26 1 11 2 2 2 6 3 Full Trace Events 19 | . 1 3 2 . . 7 1 2 . . . 1 2 Feedback Events 1 | . . . . . . 1 . . . . . . . Hackware Fried 1 | . . . . . . 1 . . . . . . . Feedback Blocked . | . . . . . . . . . . . . . . Robot Schematics Acquired 1 | . . . . . . 1 . . . . . . . Robots Built . | . . . . . . . . . . . . . . Authchips . | . . . . . . . . . . . . . . Time 81 | . . . . . . . . 81 . . . . . Total Robot Build Rating . | . . . . . . . . . . . . . . Part Schematics Acquired 6 | . . . . . . 6 . . . . . . . Parts Built 10 | . . . . . . 8 . 2 . . . . . Authchips 1 | . . . . . . 1 . . . . . . . Time 347 | . . . . . . 305 . 42 . . . . . Total Part Build Rating 44 | . . . . . . 36 . 8 . . . . . Parts Repaired . | . . . . . . . . . . . . . . Time . | . . . . . . . . . . . . . . Parts Recycled . | . . . . . . . . . . . . . . Recycled Matter . | . . . . . . . . . . . . . . Retrieved Matter . | . . . . . . . . . . . . . . Retrieved Components . | . . . . . . . . . . . . . . Parts Scanalyzed . | . . . . . . . . . . . . . . Part Schematics Acquired . | . . . . . . . . . . . . . . Parts Damaged . | . . . . . . . . . . . . . . Bothacking | -11 -10 -9 -8 -7 -7 -6 -6 -6 -6 -5 -5 -4 -4 ------------ Run | Jun Mat Mat Mat Fac DSF Fac Gar Fac Gar Fac Gar Fac Ext Used RIF Installer 3 | . . . . . . . 1 . 1 . 1 . . Hotswap 1 | . . . . . . . . . 1 . . . . Command Fork 1 | . . . . . . . . . . . 1 . . Robots Hacked 60 | . . . 1 . . 1 2 21 . . 18 14 3 Non-combat 6 | . . . 1 . . 1 . 4 . . . . . Combat 54 | . . . . . . . 2 17 . . 18 14 3 Robot Hacks Applied 68 | . . . 1 . . 2 2 25 . . 19 16 3 parse_system 6 | . . . 1 . . . 2 1 . . 2 . . no_distress 3 | . . . . . . 1 . 2 . . . . . ignore_repairs 1 | . . . . . . . . 1 . . . . . find_fabricator 1 | . . . . . . 1 . . . . . . . find_recycling 1 | . . . . . . . . 1 . . . . . spike_heat 1 | . . . . . . . . 1 . . . . . overload_power 2 | . . . . . . . . 1 . . 1 . . disable_weapons 1 | . . . . . . . . 1 . . . . . overwrite_iff 12 | . . . . . . . . . . . . 9 3 streamctrl_high 5 | . . . . . . . . 5 . . . . . formatsys_high 35 | . . . . . . . . 12 . . 16 7 . Relay Couplers Released 29 | . . . 1 . . 2 9 . 5 . 10 2 . Machine Destruction 26 | . . . 1 . . 1 9 . 5 . 10 . . Programmers 3 | . . . . . . 1 . . . . . 2 . Attached 12 | . . . . . . . . 3 1 . 8 . . Fabnet Peak Effective % . | . . . . . . . . . . . . . . Robots Rewired 37 | . . . . . . . 3 . 8 . 19 1 6 Allies Hacked 2 | . . . . . . . . . . . . 2 . Hacks Repelled 1 | . . . . . . . . . . . 1 . . Allies | -11 -10 -9 -8 -7 -7 -6 -6 -6 -6 -5 -5 -4 -4 -------- Run | Jun Mat Mat Mat Fac DSF Fac Gar Fac Gar Fac Gar Fac Ext Total Allies 105 | . . . . . . 8 3 17 8 . 37 17 15 Largest Group 21 | . . . . . . 4 3 5 6 5 21 21 5 Highest-Rated Group 1137 | . . . . . . 113 123 144 382 336 1103 1137 330 Highest-Rated Ally 159 | . . . . . . 41 41 47 99 99 148 148 159 Total Orders 19 | . . . . . . 2 . 9 . . 8 . . STAY 4 | . . . . . . . . . . . 4 . . FOLLOW 7 | . . . . . . . . 3 . . 4 . . GUARD 5 | . . . . . . . . 5 . . . . . AID 1 | . . . . . . . . 1 . . . . . EXPLORE 2 | . . . . . . 2 . . . . . . . Ally Attacks 606 | . . . . . . 69 19 55 34 2 106 245 76 Total Damage 16878 | . . . . . . 1105 464 1222 1308 67 3041 7774 1897 Kills 115 | . . . . . . 6 7 12 14 1 13 49 13 Allies Corrupted 6 | . . . . . . . . . . . . 6 . Allies Melted 3 | . . . . . . . . . . . 2 1 . Intel | -11 -10 -9 -8 -7 -7 -6 -6 -6 -6 -5 -5 -4 -4 ------- Run | Jun Mat Mat Mat Fac DSF Fac Gar Fac Gar Fac Gar Fac Ext Robot Analysis Total . | . . . . . . . . . . . . . . Derelict Logs Recovered . | . . . . . . . . . . . . . . Drone Launches 2 | . . . . . . 2 . . . . . . . Drone Recoveries . | . . . . . . . . . . . . . . Exploration | -11 -10 -9 -8 -7 -7 -6 -6 -6 -6 -5 -5 -4 -4 ------------- Run | Jun Mat Mat Mat Fac DSF Fac Gar Fac Gar Fac Gar Fac Ext Turns Passed 17533 | 79 808 1267 1049 44 330 2890 1789 1822 2160 240 2760 1034 1261 Spaces Moved 11834 | 64 851 1114 812 42 203 2011 1121 1198 1344 192 1841 614 427 Core 3 | 3 . . . . . . . . . . . . . Treads 8 | . . . . . . . . . . . 8 . . Legs . | . . . . . . . . . . . . . . Wheels 11823 | 61 851 1114 812 42 203 2011 1121 1198 1344 192 1833 614 427 Hover . | . . . . . . . . . . . . . . Flight . | . . . . . . . . . . . . . . Fastest Speed 50 | 50 80 80 80 95 95 95 110 95 100 115 100 115 115 Average Speed 106 | 86 80 88 94 95 95 104 113 109 114 115 115 117 128 Slowest Speed 240 | 100 80 95 95 95 95 115 115 130 115 115 240 130 130 Overloaded Moves . | . . . . . . . . . . . . . . Propulsion Burnouts . | . . . . . . . . . . . . . . Robots Hopped . | . . . . . . . . . . . . . . Cave-ins Triggered 2 | . . . . . . . . . . . . 2 . Exploration Rate (%) 54 | 4 96 65 71 1 95 50 94 33 85 9 96 16 48 Regions Visited 13 Branch Regions 1 Pre-discovered Areas . | . . . . . . . . . . . . . . Known Exits Taken 7 | . 1 1 1 1 . 1 . 1 . 1 . . . Unknown Exits Taken 2 | 1 . . . . . . . . . . . 1 . Scrap Searched . | . . . . . . . . . . . . . . Spaces Dug 71 | . . . . . . 6 . 37 4 . 2 22 . Terrain Destroyed 1393 | . 84 15 7 . . 426 326 169 103 1 81 114 67 Melee . | . . . . . . . . . . . . . . Projectile 223 | . . 2 7 . . 35 15 7 26 1 14 49 67 AOE 1170 | . 84 13 . . . 391 311 162 77 . 67 65 . Terrain Rammed . | . . . . . . . . . . . . . . Walls Destroyed . | . . . . . . . . . . . . . . Machines Disabled . | . . . . . . . . . . . . . . Actions | -11 -10 -9 -8 -7 -7 -6 -6 -6 -6 -5 -5 -4 -4 --------- Run | Jun Mat Mat Mat Fac DSF Fac Gar Fac Gar Fac Gar Fac Ext Total 15011 | 76 923 1302 983 44 301 2544 1471 1587 1730 206 2269 770 805 Wait 623 | . 9 65 23 . 1 210 23 135 59 6 56 10 26 Move 11822 | 63 850 1113 811 41 202 2010 1120 1197 1343 192 1840 613 427 Hop . | . . . . . . . . . . . . . . Pick Up 145 | . 4 9 6 1 5 18 13 16 19 1 19 6 28 Fast Attach 151 | 7 7 16 13 . 7 17 7 20 23 . 26 5 3 Attach 51 | . . 3 1 1 . 1 1 7 9 . 8 5 15 Detach 5 | . . . . . . . . . 1 . 2 1 1 Swap 94 | 1 1 4 . . 1 12 7 19 14 2 11 5 17 Drop 237 | 1 8 20 16 . 8 33 15 33 35 1 40 8 19 Fire 1061 | 4 36 46 78 1 28 143 113 89 127 4 151 88 153 Melee 4 | . . . 2 . 2 . . . . . . . . Ram 3 | . . . . . . 3 . . . . . . . Kick . | . . . . . . . . . . . . . . Crush . | . . . . . . . . . . . . . . Escape Stasis 146 | . . . . . 16 . 72 . 8 . 42 . 8 Rewire 3 | . . . . . . . . 1 . . 2 . . Trap . | . . . . . . . . . . . . . . Miscellaneous 666 | . 8 26 33 . 31 97 100 70 92 . 72 29 108 Route ------- -11/Junkyard -10/Materials (discovered 4 exits: *Mat x3 / *Min) -9/Materials (discovered 3 exits: *Mat x2 / *Min) -8/Materials (discovered 3 exits: *Fac x3) -7/Factory -7/DSF -6/Factory (discovered 4 exits: *Fac x2 / [*Low] / Gar) -6/Garrison (discovered 3 exits: *Fac x3) -6/Factory (discovered 3 exits: *Fac / [*Low] / Gar) -6/Garrison (discovered 3 exits: *Fac x3) -5/Factory -5/Garrison (discovered 3 exits: *Fac x3) -4/Factory -4/Extension (discovered 1 exit: [*Res]) History --------- Turn | Location | Event 2 | -11/Junkyard | Upgraded with Propulsion slot (x1) 2 | -11/Junkyard | Upgraded with Utility slot (x3) 2 | -11/Junkyard | Upgraded with Weapon slot (x1) 16 | -11/Junkyard | Discovered new exit (range 17) 80 | -11/Junkyard | Entered Materials 93 | -10/Materials | Discovered new exit (range 16) 174 | -10/Materials | Identified exit to Mines 299 | -10/Materials | Discovered new exit (range 15) 308 | -10/Materials | Identified exit to Materials 392 | -10/Materials | Discovered exit to Materials (range 4) 434 | -10/Materials | Discovered exit to Materials (range 15) 506 | -10/Materials | Core integrity fell below 50% 506 | -10/Materials | Reached level 2 790 | -10/Materials | Build established: Mutant 888 | -10/Materials | Entered another Materials area 890 | -9/Materials | Reached level 3 890 | -9/Materials | Upgraded with Utility slot (x1) 916 | -9/Materials | Discovered new exit (range 7) 921 | -9/Materials | Identified exit to Mines 951 | -9/Materials | Reached level 4 1267 | -9/Materials | Reached level 5 1278 | -9/Materials | Upgraded with Utility slot (x1) 1324 | -9/Materials | Discovered new exit (range 5) 1328 | -9/Materials | Identified exit to Materials 1462 | -9/Materials | Upgraded with Power slot (x1) 1824 | -9/Materials | Discovered exit to Materials (range 15) 2155 | -9/Materials | Entered another Materials area 2157 | -8/Materials | Reached level 6 2157 | -8/Materials | Reached level 7 2159 | -8/Materials | Upgraded with Utility slot (x1) 2330 | -8/Materials | Reached level 8 2335 | -8/Materials | Upgraded with Propulsion slot (x1) 2584 | -8/Materials | Discovered new exit (range 11) 2584 | -8/Materials | Identified exit to Factory 2649 | -8/Materials | Reached level 9 2714 | -8/Materials | Upgraded with Weapon slot (x1) 2871 | -8/Materials | Reached level 10 3053 | -8/Materials | Central database locked down 3204 | -8/Materials | Entered Factory 3206 | -7/Factory | Reached level 11 3210 | -7/Factory | Identified exit to DSF 3210 | -7/Factory | Upgraded with Propulsion slot (x1) 3210 | -7/Factory | Upgraded with Utility slot (x1) 3248 | -7/Factory | Entered DSF 3250 | -7/DSF | Reached level 12 3295 | -7/DSF | Additional patrols routed to DSF 3461 | -7/DSF | Reached level 13 3464 | -7/DSF | Upgraded with Utility slot (x1) 3501 | -7/DSF | Discovered new exit (range 17) 3547 | -7/DSF | Sterilization system engaged 3567 | -7/DSF | Ambient heat levels rising (+10) 3578 | -7/DSF | Entered Factory 3580 | -6/Factory | Reached level 14 3628 | -6/Factory | Found Prototype Launcher 3633 | -6/Factory | Build established: Scavenger-Mutant 3770 | -6/Factory | Identified Scatter Rocket Array 3979 | -6/Factory | Reached level 15 4098 | -6/Factory | Build established: Hacker-Mutant 4321 | -6/Factory | Fabricated Magnetic Acceleration Cannon (x2) 4439 | -6/Factory | Reached level 16 4510 | -6/Factory | Discovered new exit (range 7) 4646 | -6/Factory | Fabricated Cld. Deuterium Engine? 4764 | -6/Factory | Allied Derelicts emerged from ambush trap array 4894 | -6/Factory | Fabricated F-cell Engine (x1) 4930 | -6/Factory | Fabricated Cryofiber Web (x1) 4940 | -6/Factory | Upgraded with Utility slot (x1) 4992 | -6/Factory | Fabricated Arm. Huge Wheel (x2) 5016 | -6/Factory | Reached level 17 5162 | -6/Factory | Discovered new exit (range 8) 5187 | -6/Factory | Garrison activated, responded to threat 5270 | -6/Factory | Fabricated Adv. Drone Bay (x1) 5338 | -6/Factory | Reached level 18 5367 | -6/Factory | Imp. Hacking Suite fried by hacking feedback 5371 | -6/Factory | First assault squad dispatched 5374 | -6/Factory | Spotted B-75 Beast 5383 | -6/Factory | Allies destroyed B-75 Beast 5744 | -6/Factory | Reached level 19 6249 | -6/Factory | Discovered new exit (range 17) 6319 | -6/Factory | Identified exit to Garrison 6353 | -6/Factory | Garrison activated, responded to threat 6468 | -6/Factory | Entered Garrison 6470 | -6/Garrison | Reached level 20 6498 | -6/Garrison | Triggered checkpoint 6526 | -6/Garrison | Garrison Relay disabled 6620 | -6/Garrison | Triggered checkpoint 6620 | -6/Garrison | Triggered checkpoint 6672 | -6/Garrison | Triggered checkpoint 6693 | -6/Garrison | Destroyed 7 combat bots 6786 | -6/Garrison | Discovered new exit (range 15) 6910 | -6/Garrison | Triggered checkpoint 7020 | -6/Garrison | Triggered checkpoint 7037 | -6/Garrison | Discovered new exit (range 16) 7121 | -6/Garrison | Phase Generator disabled 7270 | -6/Garrison | Triggered checkpoint 7276 | -6/Garrison | Triggered checkpoint 7350 | -6/Garrison | Garrison Relay disabled 7533 | -6/Garrison | Discovered new exit (range 17) 7567 | -6/Garrison | Installed Relay Interface Framework 7597 | -6/Garrison | Reached level 21 7603 | -6/Garrison | Triggered checkpoint 7779 | -6/Garrison | Garrison Relay disabled 7793 | -6/Garrison | Garrison Relay disabled 8153 | -6/Garrison | Garrison Relay disabled 8197 | -6/Garrison | Garrison Relay disabled 8257 | -6/Garrison | Entered Factory 8257 | -6/Factory | Accompanied by 1 ally 8347 | -6/Factory | Found Prototype Launcher 8347 | -6/Factory | Identified Rocket Array 8957 | -6/Factory | First assault squad dispatched 9094 | -6/Factory | Destroyed 8 combat bots 9114 | -6/Factory | Discovered new exit (range 14) 9369 | -6/Factory | Spotted B-75 Beast 9381 | -6/Factory | Destroyed B-75 Beast 9465 | -6/Factory | Discovered new exit (range 3) 9559 | -6/Factory | Fabricated Arm. Huge Wheel? 9960 | -6/Factory | Garrison activated, responded to threat 10036 | -6/Factory | Identified exit to Garrison 10079 | -6/Factory | Entered Garrison 10079 | -6/Garrison | Accompanied by 2 allies 10164 | -6/Garrison | Triggered checkpoint 10246 | -6/Garrison | Discovered new exit (range 39) 10246 | -6/Garrison | Discovered new exit (range 47) 10246 | -6/Garrison | Discovered new exit (range 40) 10254 | -6/Garrison | Triggered checkpoint 10298 | -6/Garrison | Triggered checkpoint 10301 | -6/Garrison | Reached level 22 10301 | -6/Garrison | Triggered checkpoint 10426 | -6/Garrison | Triggered checkpoint 10451 | -6/Garrison | Destroyed 7 combat bots 10536 | -6/Garrison | Expanded RIF knowledge: Hotswap 10632 | -6/Garrison | Found Antimissile System 10730 | -6/Garrison | Triggered checkpoint 10928 | -6/Garrison | Triggered checkpoint 10978 | -6/Garrison | Triggered checkpoint 11125 | -6/Garrison | Core integrity fell below 50% 11170 | -6/Garrison | Upgraded with Power slot (x1) 11593 | -6/Garrison | Spotted B-75 Beast 11618 | -6/Garrison | Destroyed B-75 Beast 11759 | -6/Garrison | Garrison Relay disabled 11787 | -6/Garrison | Build established: Hacker-Gunner 11940 | -6/Garrison | Triggered checkpoint 11965 | -6/Garrison | Garrison Relay disabled 11974 | -6/Garrison | Spotted Striker 11974 | -6/Garrison | Spotted Striker 11984 | -6/Garrison | Destroyed Striker 11996 | -6/Garrison | Destroyed Striker 12026 | -6/Garrison | Rewired Striker 12028 | -6/Garrison | Rewired Striker 12096 | -6/Garrison | Learned Factory security intel 12239 | -6/Garrison | Entered Factory 12239 | -5/Factory | Accompanied by 5 allies 12254 | -5/Factory | Identified exit to DSF 12477 | -5/Factory | Build established: Hacker-Tank 12479 | -5/Factory | Identified exit to Garrison 12479 | -5/Factory | Entered Garrison 12479 | -5/Garrison | Accompanied by 5 allies 12481 | -5/Garrison | Reached level 23 12529 | -5/Garrison | Garrison Relay disabled 12554 | -5/Garrison | Upgraded with Weapon slot (x1) 12565 | -5/Garrison | Phase Generator disabled 12565 | -5/Garrison | Destroyed Striker 12577 | -5/Garrison | Expanded RIF knowledge: Command Fork 12683 | -5/Garrison | Spotted B-86 Titan 12684 | -5/Garrison | Spotted B-75 Beast 12743 | -5/Garrison | Destroyed B-86 Titan 12788 | -5/Garrison | Triggered checkpoint 12812 | -5/Garrison | Triggered checkpoint 12872 | -5/Garrison | Triggered checkpoint 12900 | -5/Garrison | Garrison Relay disabled 12931 | -5/Garrison | Triggered checkpoint 13008 | -5/Garrison | Triggered checkpoint 13008 | -5/Garrison | Garrison Relay disabled 13074 | -5/Garrison | Discovered new exit (range 16) 13087 | -5/Garrison | Spotted B-75 Beast 13087 | -5/Garrison | Spotted B-75 Beast 13120 | -5/Garrison | Triggered checkpoint 13129 | -5/Garrison | Garrison Relay disabled 13387 | -5/Garrison | Found Relay Coupler [Proto] 13389 | -5/Garrison | Found Relay Coupler [Proto] 13413 | -5/Garrison | Discovered new exit (range 11) 13464 | -5/Garrison | Triggered checkpoint 13492 | -5/Garrison | Triggered checkpoint 13516 | -5/Garrison | Garrison Relay disabled 13550 | -5/Garrison | Rescued a captive Derelict 13639 | -5/Garrison | Discovered new exit (range 15) 13639 | -5/Garrison | Discovered new exit (range 74) 13639 | -5/Garrison | Discovered new exit (range 59) 13655 | -5/Garrison | Garrison Relay disabled 13730 | -5/Garrison | Triggered checkpoint 13805 | -5/Garrison | Found Prototype Device 13805 | -5/Garrison | Identified Thermal Barrier 13829 | -5/Garrison | Found Prototype Slashing Weapon 13829 | -5/Garrison | Identified Centrium Greatsword 13858 | -5/Garrison | Found Centrium Greatsword 13950 | -5/Garrison | Triggered checkpoint 13978 | -5/Garrison | Reached level 24 14085 | -5/Garrison | Garrison Relay disabled 14088 | -5/Garrison | Upgraded with Power slot (x1) 14221 | -5/Garrison | Spotted Striker 14221 | -5/Garrison | Spotted Striker 14233 | -5/Garrison | Assimilated Striker with formatsys_high 14240 | -5/Garrison | Assimilated Striker with formatsys_high 14252 | -5/Garrison | Rewired Striker 14253 | -5/Garrison | Rewired Striker 14321 | -5/Garrison | Destroyed B-75 Beast 14352 | -5/Garrison | Rewired B-90 Cyclops 14354 | -5/Garrison | Rewired B-90 Cyclops 14740 | -5/Garrison | Build established: Commander-Gunner 14846 | -5/Garrison | Destroyed B-75 Beast 14889 | -5/Garrison | Destroyed B-75 Beast 14929 | -5/Garrison | Found Gamma Bomb Array 15239 | -5/Garrison | Entered Factory 15239 | -4/Factory | Accompanied by 21 allies 15415 | -4/Factory | Reached level 25 15520 | -4/Factory | First assault squad dispatched 15764 | -4/Factory | Discovered new exit (range 9) 15787 | -4/Factory | Reached level 26 15797 | -4/Factory | Upgraded with Utility slot (x1) 15888 | -4/Factory | P-70 Sage assimilated allied G-67 Veteran 15902 | -4/Factory | High security lockdown imminent 15909 | -4/Factory | Crushed by falling debris 15982 | -4/Factory | High security lockdown engaged 16065 | -4/Factory | Crushed by falling debris 16128 | -4/Factory | Destroyed 9 combat bots 16228 | -4/Factory | Core integrity fell below 50% 16246 | -4/Factory | Reached level 27 16273 | -4/Factory | Entered Extension 16425 | -4/Extension | Spotted B-86 Titan 16469 | -4/Extension | Destroyed B-86 Titan 16480 | -4/Extension | Spotted B-86 Titan 16518 | -4/Extension | Destroyed B-86 Titan 16523 | -4/Extension | First assault squad dispatched 16539 | -4/Extension | Destroyed 7 combat bots 16573 | -4/Extension | Discovered new exit (range 3) 16686 | -4/Extension | Rescued a captive Derelict 16687 | -4/Extension | Rescued a captive Derelict 16750 | -4/Extension | Rescued a captive Derelict 16752 | -4/Extension | Rescued a captive Derelict 16807 | -4/Extension | High security lockdown imminent 16887 | -4/Extension | High security lockdown engaged 16893 | -4/Extension | Rescued A7 16910 | -4/Extension | Build established: Scavenger-Tank 17143 | -4/Extension | Reached level 28 17164 | -4/Extension | Destroyed 14 combat bots 17429 | -4/Extension | System corruption reached 10% 17438 | -4/Extension | Core integrity fell below 20% 17441 | -4/Extension | Destroyed 9 combat bots 17534 | -4/Extension | Destroyed by H-77 Assassin with Coil Gun Last Messages --------------- 17527_ M-36 Artificer repairs Plasma Rifle. 17527_ Acquired Matter Neutralizer. 17528_ Wall collapses. 17528_ Penetrated by Slug. 17528_ Slug penetrates Wall. 17528_ Centrium Light Armor Plating destroyed. 17529_ Slug penetrates Wall. 17529_ Penetrated by Slug. 17529_ Slug penetrates Wall. 17530_ Acquired Protomatter-41. 17531_ Penetrated by Slug. 17531_ Slug penetrates P-70 Sage. 17531_ Penetrated by Slug. 17533_ P-70 Sage resets H-77 Assassin, system corruption cleaned. 17533_ Penetrated by Slug. [Achievement: 30k Club] [Achievement: 40k Club] [Achievement: 50k Club] [Achievement: Torch] [Achievement: Rambo] Map ----- +----------------------------------------------------+ | | | | | | | | | | | | | | | | | | | | | | | | | | | ?????????????????????????????????????????????????? | | ?????????????????????????????????????????????????? | | ???????????????#?????????????????????????????????? | | ???????????????? ???????????????##???????????##### | | ????????????????? ######???#####"################ | | ?????????????????#; #???# ^^] g !=!%%%[= | | ??????????????????# #???# ^ !!] %%%[%!%"%/ | | ??????????????????# #???# ] gp%[%==%%%![%%| | | ??????????????????# #???# g =%b=%%*%=* | | ??????????????????# #???# g %;"########## | | ???????????????#### ;####=%g h * ###????????# | | ???????????????# = hh*|m #??????????# | | ???????????????# #####@h#%%####### #??????????? | | ???????????????# #??# #%%h=#?????# #??????????? | | ???????????????# #?# ###%"##?????# #??????????? | | ????????????##?# #?##??#=%#??????# #??????????? | | ????????????# ## #?????####?????? T??????????? | | ?????????????# # #???????????????""#??????????? | | ??????????????## #????????????????????????????? | | ???????????????# !##???????????????????????????? | | ????? ?????????# =##???????????????????????????? | | ?????=?????????# [%!##???????????????????????????? | | ???? ?????????# ##+#####????????????????????????? | | ???? ?????????# #%/%!! #????????????????????????? | | ????# #????????# #!=!*[ #????????????????????????? | | ????# #????????#%+!=/%%*#????????????????????????? | | ????# #????????#!%%[//%*#????????????????????????? | | ????# #????????# "%%%/% #????????????????????????? | | ????# #????????# "= =! #????????????????????????? | | ????# #????????# ########????????????????????????? | | ????# ########?" #???????????????????????????????? | | ??### ### ## ### ###?????????????????????????????? | | ??#"" " = "" ""#?????????????????????????????? | | ??# " %% === " " ###???????????????????????????? | | ??# % %% # #???????????????????????????? | | ### % |% ##????????????????????????????? | | ### = ############??????????????????? | +----------------------------------------------------+ Best States ------------- Heat Dissipation 147 Coolant Potential 50 Energy Generation 75 Energy Capacity 1580 Matter Stores 450 Matter Capacity 800 Sight Range 23 Robot Scan Range 19 Terrain Scan Range 16 Terrain Scan Density 10 Power Amplification 20 Base Temperature (-) 100 Armor Coverage 600 Resistance: KI 40 Resistance: TH 25 Resistance: EX 40 Resistance: EM 20 Resistance: I 20 Resistance: S 20 Resistance: P 20 Propulsion Shielding 33 Point Defense Rating 240 Weapon Cycling 30 Phase Shifting 10 Evasion (%) 51 Targeting Accuracy 14 Target Analysis 8 Armor Integrity Analysis 30 Recoil Reduction 4 Energy Filtering 30 Particle Charging 20 Offensive Hacking 30 Defensive Hacking 12 Relay Coupler Types 4 Relay Coupler Value 195 Authchip Count 2 Item Schematics ----------------- Mass Driver | -6/Factory | Hacked Imp. Reaction Control System | -6/Factory | Hacked Arm. Huge Wheel | -6/Factory | Hacked Cld. Deuterium Engine | -6/Factory | Hacked Adv. Drone Bay | -6/Factory | Hacked Cryofiber Web | -6/Factory | Hacked Robot Schematics ------------------ R-06 Scavenger | -6/Factory | Hacked Fabricated ------------ Magnetic Acceleration Cannon | x2 | -6/Factory | Preloaded Cld. Deuterium Engine | x1 | -6/Factory F-cell Engine | x1 | -6/Factory | Preloaded Cryofiber Web | x1 | -6/Factory | Authchip Arm. Huge Wheel | x2 | -6/Factory Adv. Drone Bay | x1 | -6/Factory Arm. Huge Wheel | x2 | -6/Factory Alien Tech Used ----------------- None Achievements -------------- 30k Club 40k Club 50k Club A New Friend Beloved Collateral Damage Error 47 Generalissimo Giant Slayer Hunted Infiltrator Ooh, Shiny! Prison Break Production Line Pwned Pyromaniac Rambo Torch We Are Legion Challenges ------------ None RPGLIKE | -11 -10 -9 -8 -7 -7 -6 -6 -6 -6 -5 -5 -4 -4 --------- Run | Jun Mat Mat Mat Fac DSF Fac Gar Fac Gar Fac Gar Fac Ext Levels Raised 27 | . 1 3 5 1 2 6 2 . 1 . 2 3 1 XP Earned 44955 | 4000 1580 5858 6922 1535 2500 9975 1983 917 959 591 1870 4373 1892 XP Spent 44200 | 4000 1250 4650 5600 3400 3100 8955 2700 200 1225 . 3010 3200 2910 Upgrades 73 | 12 4 8 8 2 2 18 4 1 3 . 5 1 5 Power Slot 3 | . . 1 . . . . . . 1 . 1 . . Propulsion Slot 3 | 1 . . 1 1 . . . . . . . . . Utility Slot 10 | 3 . 2 1 1 1 1 . . . . . 1 . Weapon Slot 3 | 1 . . 1 . . . . . . . 1 . . Core Integrity 8 | 1 . 2 . . . 5 . . . . . . . Heat Dissipation 14 | 1 . 1 2 . . 6 . . . . 3 . 1 Matter Storage 2 | . . . . . . . . . 2 . . . . Mass Support 2 | . 1 . 1 . . . . . . . . . . Inventory Capacity 7 | . 2 1 1 . . 2 1 . . . . . . Sight Range 1 | 1 . . . . . . . . . . . . . Sensor Range 2 | 2 . . . . . . . . . . . . . Ranged Accuracy 4 | . 1 . . . 1 2 . . . . . . . Hack Attack % 2 | . . . . . . 1 1 . . . . . . KI Resistance % 4 | 1 . . . . . 1 . . . . . . 2 TH Resistance % 1 | . . 1 . . . . . . . . . . . EX Resistance % 4 | 1 . . 1 . . . 2 . . . . . . TH Damage % 3 | . . . . . . . . 1 . . . . 2 Protomatter Created 5847 | . 65 412 473 . 188 913 762 486 423 . 460 594 1071 Integrity Restored 13291 | . 162 525 551 . 655 1921 2059 1250 1747 . 1428 571 2422 Core 9711 | . 162 406 329 . 421 1277 1462 805 1101 . 970 371 2407 Parts 3580 | . . 119 222 . 234 644 597 445 646 . 458 200 15 Protomatter Decayed 2917 | . 9 76 268 . 53 6 87 271 73 . 377 1046 651 Game ------ Seed ThermicThrowingBoregun Manual? 0 Play Time 07:38:22 Cumulative 70.1 hours Start 2023.10.13 @ 19:25:49 End 2023.12.08 @ 18:25:16 Sessions 7 Manual Loads 0 Difficulty Adventurer Special Mode Winter2019/RPGLIKE Game No. 26 Rogue 0 Adventurer 26 Explorer 0 Win Type - Total 0 Types 0/0/0/0/0/0/0/0/0 Lore% 24 Gallery% 43 Achievement% 40 Wizard Run 0 Options --------- ASCII 0 Keyboard 0 Movement Mouse Keybinds 0 Fullscreen 1 Font 18/SmallcapsGlow Map View 76x50 Tactical HUD 1 Map Filters NONE Filters NONE Steam 1 RUN: dfce3137-0325-4ea0-886c-4d1d8cd4fbea